 Dungeon Crawl Stone Soup version 0.29.1-13-g9f3cf754e1 (webtiles) character file.

Game seed: 11468468565840154152

350 Thatpatchoflichen the Sneak (level 6, -3/38 HPs)
             Began as a Kobold Brigand on Feb 1, 2023.
             Slain by a lemure (8 damage)
             ... led by Pikel
             ... on level 3 of the Dungeon.
             The game lasted 00:07:08 (3090 turns).

Thatpatchoflichen the Sneak (Kobold Brigand)        Turns: 3090, Time: 00:07:08

Health: -3/38      AC:  4    Str:  8    XL:     6   Next: 92%
Magic:  6/6        EV: 19    Int: 13    God:
Gold:   166        SH:  0    Dex: 18    Spells: 5/5 levels left

rFire   . . .      SeeInvis .   g - +0 rapier
rCold   . . .      Faith    .   (no shield)
rNeg    . . .      Spirit   .   q - +0 leather armour
rPois   .          Reflect  .   (no helmet)
rElec   .          Harm     .   c - +0 cloak
rCorr   .          Rampage  .   (no gloves)
Will    .....                   (no boots)
Stlth   ++++......              (no amulet)
HPRegen 0.12/turn               f - +4 ring of evasion
MPRegen 0.10/turn               (no ring)

@: no status effects
A: small, no large weapons, nightstalker 3
a: no special abilities


You were on level 3 of the Dungeon.
You visited 1 branch of the dungeon, and saw 5 of its levels.

You collected 166 gold pieces.

Inventory:

Hand Weapons
 a - a +2 dagger
 g - a +0 rapier (weapon)
 v - a +0 dagger of venom
Missiles
 d - 20 poisoned darts (quivered)
 e - 3 curare-tipped darts
Armour
 c - a +0 cloak (worn)
 q - a +0 leather armour (worn)
Jewellery
 f - a +4 ring of evasion (left hand)
 i - a ring of fire
 r - a +4 ring of evasion
 w - an amulet of faith
Scrolls
 k - 4 scrolls of identify {unknown}
 n - a scroll of amnesia {unknown}
 o - a scroll of silence {unknown}
 p - 3 scrolls of teleportation {unknown}
 t - a scroll of blinking {unknown}
 u - a scroll of immolation {unknown}
Potions
 b - a potion of curing {unknown}
 h - a potion of degeneration {unknown}
 j - a potion of magic {unknown}
 l - a potion of flight {unknown}
 m - 3 potions of attraction {unknown}
 s - 2 potions of heal wounds {unknown}


   Skills:
 + Level 4.0 Fighting
 + Level 4.9 Short Blades
 + Level 3.9 Throwing
 + Level 3.7 Dodging
 - Level 6.0 Stealth


You had 5 spell levels left.
You didn't know any spells.
Your spell library contained the following spells:

 Spells                   Type           Power      Damage    Failure   Level
 Sting                    Tmut/Pois      0%         1d3       41%         1
 Poisonous Vapours        Pois/Air       0%         N/A       56%         2
 Confusing Touch          Hex            0%         N/A       80%         3
 Gell's Gravitas          Tloc           0%         N/A       80%         3
 Teleport Other           Tloc           0%         N/A       80%         3
 Olgreb's Toxic Radiance  Pois           0%         N/A       99%         4
 Summon Forest            Summ/Tloc      0%         N/A       100%        5
 Summon Mana Viper        Hex/Summ       0%         N/A       100%        5
 Yara's Violent Unravell  Hex/Tmut       0%         3d3       100%        5
 Dispersal                Tloc           0%         N/A       100%        6
 Summon Cactus Giant      Summ           0%         N/A       100%        6
 Enfeeble                 Hex            0%         N/A       100%        7


Dungeon Overview and Level Annotations

Branches:
Dungeon (5/15)
 Temple: D:4-7

Altars:
Qazlal

Annotations:
D:4 Pikel
D:5 Eustachio


Innate Abilities, Weirdness & Mutations

You are small and have problems with some larger weapons.
You are completely attuned to the shadows.


Message History

The lemure attacks as you move away! The lemure hits you but does no damage.
The lemure attacks as you move away! The lemure misses you.
The lemure attacks as you move away! The lemure misses you.
The lemure attacks as you move away! The lemure misses you.
The lemure attacks as you move away! The lemure hits you.
* * * LOW HITPOINT WARNING * * *
The lemure attacks as you move away! The lemure misses you.
The lemure attacks as you move away! The lemure hits you but does no damage.
The lemure misses you. The lemure attacks as you move away!
The lemure misses you. The lemure closely misses you.
The lemure barely misses you. The ogre attacks as you move away!
The ogre misses you.
You see here 4 stones.
The lemure attacks as you move away! The lemure barely misses you.
You see here 12 gold pieces.
The lemure attacks as you move away! The lemure closely misses you.
There is a stone staircase leading up here.
The lemure barely misses you.
You climb upwards.
There is a stone staircase leading down here.
You puncture the lemure!
The lemure is moderately wounded.
The lemure hits you.
* * * LOW HITPOINT WARNING * * *
The lemure attacks as you move away! The lemure hits you.
* * * LOW HITPOINT WARNING * * *
The lemure attacks as you move away! The lemure hits you.
* * * LOW HITPOINT WARNING * * *
The lemure attacks as you move away! The lemure barely misses you.
The lemure attacks as you move away! The lemure closely misses you.
The lemure attacks as you move away! The lemure hits you but does no damage.
The lemure attacks as you move away! The lemure closely misses you.
The lemure attacks as you move away! The lemure closely misses you.
The lemure attacks as you move away! The lemure closely misses you.
The lemure attacks as you move away! The lemure closely misses you.
The lemure attacks as you move away! The lemure misses you.
The lemure barely misses you. The lemure attacks as you move away!
The lemure hits you!
You die...

#.# #.........#......_...# #.#
#.........#######.##.###
#.###############.#....##.##...#
#.................#.##.#.....#.##
#.#####..........##.##.#.......##
..# #....>...........#.#.#...##
### #...........##.#####.#..###
#...........##.......#..<##
#.........@5..########...#.
#..........##.#### ##.##.
#..........##....# #.##.
#..........#####.# #....
#..........# #.### #####
############ ##...## # #.....###
### #.......# #.. #.....#.# #.#


You could see a lemure.

Vanquished Creatures
  A black bear (D:5)
  A scorpion (D:5)
  A jelly (D:4)
  A hound (D:4)
  Terence (D:2)
  5 adders
  2 worms
  3 dart slugs
  An orc (D:3)
  5 ball pythons
  8 endoplasms
  2 giant cockroaches (D:1)
  4 hobgoblins
  6 kobolds
  A quokka (D:3)
  4 frilled lizards
  8 goblins
  7 rats
61 creatures vanquished.

Notes
Turn   | Place    | Note
-------+----------+-------------------------------------------
     0 | D:1      | Thatpatchoflichen the Kobold Brigand began the quest for
                  | the Orb.
     0 | D:1      | Reached XP level 1. HP: 12/12 MP: 1/1
   138 | D:1      | Reached XP level 2. HP: 18/18 MP: 2/2
   774 | D:1      | Reached XP level 3. HP: 22/22 MP: 3/3
  1101 | D:2      | Noticed Terence
  1105 | D:2      | Killed Terence
  1106 | D:2      | Reached XP level 4. HP: 27/27 MP: 4/4
  1871 | D:3      | Found a stormy altar of Qazlal.
  1929 | D:3      | Noticed a great orb of eyes
  1930 | D:3      | Found a faded altar of an unknown god.
  1930 | D:3      | Noticed a shining eye
  1933 | D:3      | Noticed a floating eye
  1933 | D:3      | Noticed a floating eye
  1991 | D:4      | Noticed a lemure
  1991 | D:4      | Noticed a lemure
  1992 | D:4      | Noticed Pikel
  1992 | D:4      | Noticed a lemure
  1992 | D:4      | Noticed a lemure
  2029 | D:3      | Reached skill level 6 in Stealth
  2046 | D:3      | Reached XP level 5. HP: 31/32 MP: 5/5
  2826 | D:5      | Entered Level 5 of the Dungeon
  2828 | D:5      | Reached XP level 6. HP: 37/37 MP: 6/6
  2831 | D:5      | Noticed a black bear
  2851 | D:5      | Killed a black bear
  2878 | D:5      | Noticed Eustachio
  3041 | D:4      | Noticed an ogre
  3090 | D:3      | Slain by a lemure

Illustrated notes

Levels and vault maps discovered:
D:1:      roderic_octagonal_star, layout_basic, chequers_garden,
          minmay_misc_feat_rugged
D:2:      layout_rooms, uniq_terence
D:3:      layout_basic, lemuel_crystal_altar,
          hellmonk_ecumenical_altar_watching_god, st_stairs_10,
          minmay_fractal_squares_diagonal_5
D:4:      layout_basic, uniq_blork_the_orc, uniq_pikel
D:5:      layout_loops_ring, ebering_ghost_rock_garden, gup_sewer_entry_bubbles,
          uniq_edmund, uniq_eustachio

Skill      XL: |  1  2  3  4  5  6 |
---------------+-------------------+-----
Short Blades   | 3 4 |  4.9
Dodging        | 2 3 |  3.7
Throwing       | 3 |  3.9
Stealth        | 6 |  6.0
Fighting       | 3 4 |  4.0

Action                   |  1- 3 |  4- 6 || total
-------------------------+-------+-------++-------
Melee: Dagger            |    11 |       ||    11
       Rapier            |    26 |   110 ||   136
       Punch             |       |     1 ||     1
 Stab: Sleeping          |    17 |    17 ||    34
       Distracted        |       |     1 ||     1
Armor: Robe              |     4 |     1 ||     5
       Leather armour    |       |    25 ||    25
Dodge: Dodged            |    12 |   161 ||   173
